 Dungeon Crawl Stone Soup version 0.17-a0-1880-gacf7e67 (webtiles) character file.

767 achirane the Changer (level 7, 0/51 HPs)
             Began as an Octopode Transmuter on Sept 21, 2015.
             Was an Initiate of Cheibriados.
             Slain by a yak (18 damage)
             ... on level 6 of the Dungeon.
             The game lasted 00:44:34 (8230 turns).

achirane the Changer (Octopode Transmuter)          Turns: 8230, Time: 00:44:35

Health: 0/51       AC:  6    Str: 10    XL:     7   Next: 82%
Magic:  10/10      EV: 10    Int: 17    God:    Cheibriados [......]
Gold:   205        SH:  0    Dex: 15    Spells: 2 memorised, 5 levels left

rFire  x . .     SeeInvis .       - Unarmed
rCold  + + +     Clarity  +     (shield currently unavailable)
rNeg   . . .     SustAt   .     (helmet currently unavailable)
rPois  +         Gourm    .     g - amulet of clarity {Clar, !d}
rElec  .         Spirit   .     s - ring of flight {+Fly, !d}
rCorr  .         Warding  .     n - ring of invisibility {+Inv, !d}
rMut   .         Stasis   .     (no ring)
MR     .....                    (no ring)
Stlth  +.........               (no ring)
                                (no ring)
                                (no ring)
                                (no ring)

@: ice-form, very slow, not resistant to hostile enchantments, very unstealthy
A: almost no armour, amphibious, 8 rings, (constrict 8), (camouflage 0),
(gelatinous body 0)
a: End Transformation, Bend Time, Renounce Religion, Evoke Invisibility, Evoke
Flight


You were on level 6 of the Dungeon.
You worshipped Cheibriados.
Cheibriados was noncommittal.
You were not hungry.
You were a creature of crystalline ice.
You visited 2 branches of the dungeon, and saw 7 of its levels.

You collected 205 gold pieces.

Inventory:

Hand weapons
 e - a +0 club
   (You took it off a goblin on level 1 of the Dungeon)
 f - a +1 dagger of venom (melded)
   (You took it off a kobold on level 1 of the Dungeon)
 p - a +1 short sword of flaming
   (You took it off a kobold on level 1 of the Dungeon)
 z - a +0 blowgun
   (You took it off a kobold on level 3 of the Dungeon)
Missiles
 a - 58 arrows
 j - 21 poisoned needles
 k - 60 sling bullets
 q - 78 stones (quivered)
 y - 2 needles of slowing
 H - a throwing net {=f, !d}
Jewellery
 g - an amulet of clarity (around neck) {Clar, !d}
   (You found it on level 1 of the Dungeon)
 n - a ring of invisibility (right front paw) {+Inv, !d}
   (You found it on level 3 of the Dungeon)
 s - a ring of flight (left front paw) {+Fly, !d}
   (You took it off a kobold on level 1 of the Dungeon)
 x - an uncursed amulet of warding {Ward, rN+, !d}
   (You found it on level 3 of the Dungeon)
Magical devices
 F - a wand of lightning (7)
   (You found it on level 5 of the Dungeon)
 I - a wand of draining (8)
   (You found it on level 6 of the Dungeon)
 J - a wand of disintegration (9)
   (You found it on level 6 of the Dungeon)
Scrolls
 h - a scroll of noise {!r}
 i - a scroll of random uselessness {unknown}
 o - a scroll of remove curse
 t - 3 scrolls of teleportation
 u - 3 scrolls of blinking {!r}
 v - a scroll of brand weapon {unknown}
 B - a scroll of recharging {unknown}
 C - 2 scrolls of amnesia {unknown}
 E - a scroll of enchant weapon {unknown}
Potions
 d - a potion of resistance
 l - a potion of curing {unknown}
 m - a potion of magic {unknown}
 w - 2 potions of lignification {!q}
 A - a potion of invisibility
Books
 b - a book of Changes
Comestibles
 c - 6 bread rations {@e1}
 G - a fruit


   Skills:
 - Level 1.0 Fighting
 - Level 2.0 Dodging
 - Level 3.0 Unarmed Combat
 - Level 2.0 Spellcasting
 + Level 7.0 Transmutations
 + Level 4.8 Ice Magic


You had 5 spell levels left.
You knew the following spells:

 Your Spells              Type           Power        Failure   Level  Hunger
a - Beastly Appendage     Trmt           ####..       1%          1    #......
b - Ice Form              Ice/Trmt       ###.....     21%         4    #####..


Dungeon Overview and Level Annotations

Branches:
Dungeon (6/15)             Temple (1/1) D:5

Altars:
Ashenzari
Cheibriados
Dithmenos
Fedhas
Gozag
Kikubaaqudgha
Makhleb
Nemelex Xobeh
Okawaru
Qazlal
Vehumet
Xom
Yredelemnul
The Shining One

Shops:
D:4 [

Annotations:
D:4 Menkaure


Innate Abilities, Weirdness & Mutations

You cannot wear most types of armour.
You are amphibious.
You can wear up to eight rings at the same time.
((You can use your tentacles to constrict eight enemies at once.))
((Your skin changes colour to match your surroundings (Stealth).))
((Your rubbery body absorbs attacks (AC +1).))


Message History

Okay, then.
What do you say? t - Shout!
Orders for allies: a - Attack new target. r - Retreat! s - Stop attacking. w - Wait here. f - Follow me.
Anything else - Stay silent.
You shout for attention!
A centaur opens the door.
The centaur shoots an arrow.
The arrow hits you!
There is a stone staircase leading up, spattered with blood here.
You see here an arrow.
You take 9 damage, and have 34/43 hp.
MASSIVE DAMAGE!!
The centaur shoots an arrow.
The arrow hits you!
You climb upwards.
There is a stone staircase leading down here.
You take 15 damage, and have 19/43 hp.
MASSIVE DAMAGE!!
You start resting.
You are feeling very hungry.
You regained 14 hp, and now have 33/43 hp.
Eat which item? (? for menu, Esc to quit)
That choko was very bland.
You start resting.
HP restored.
Health restored: 43
Casting: Ice Form
Confirm with . or Enter, or press ? or * to list all spells.
You miscast Ice Form.
You are very lightly contaminated with residual magic.
A chill runs through your body.
You are feeling hungry.
You now have 6/10 mp.
Eat which item? (? for menu, Esc to quit)
Mmmm...
Yummy mango.
You start resting.
Magic restored.
MP restored: 10
Casting: Ice Form
Confirm with . or Enter, or press ? or * to list all spells.
You turn into a creature of crystalline ice.
Your +1 dagger of venom melds into your body.
Your +1 dagger of venom stops dripping with poison.
You now have 51/51 hp.
You climb downwards.
The centaur shoots an arrow.
The arrow hits you.
There is a stone staircase leading up, spattered with blood here.
You see here 3 arrows.
You take 1 damage, and have 50/51 hp.
There is an open door here.
Your magical contamination has completely faded away.
As you close the door, it creaks loudly!
A centaur opens the door.
The centaur shoots an arrow.
The arrow hits you but does no damage.
Health restored: 51 The centaur unwields an uncursed shortbow.
The centaur hits you!
There is an open door here.
You take 7 damage, and have 44/51 hp.
You punch the centaur! You freeze the centaur.
You kill the centaur!
Cheibriados thoroughly appreciates the change of pace.
Your Transmutations skill increases to level 7!
a - 57 arrows (gained 10)
There is a stone staircase leading up, spattered with blood here.
You see here an uncursed shortbow.
Casting: Ice Form
Confirm with . or Enter, or press ? or * to list all spells.
Okay, then.
There is an open door here.
a - 58 arrows (gained 1)
There is an open door here.
There is a stone staircase leading up, spattered with blood here.
You see here an uncursed shortbow.
You regained 2 hp, and now have 46/51 hp.
What do you say? t - Shout!
Orders for allies: a - Attack new target. r - Retreat! s - Stop attacking. w - Wait here. f - Follow me.
Anything else - Stay silent.
You shout for attention!
The yak bellows!
There is a stone staircase leading up, spattered with blood here.
You see here an uncursed shortbow.
MP restored: 10 You punch the yak!
You freeze the yak.
The yak is moderately wounded.
The yak gores you!
You take 8 damage, and have 39/51 hp.
You barely miss the yak.
The yak is moderately wounded.
The yak bellows!
The yak gores you!
You take 15 damage, and have 24/51 hp.
MASSIVE DAMAGE!!
You punch the yak! You freeze the yak.
The yak is severely wounded.
The yak gores you.
You take 6 damage, and have 18/51 hp.
You completely miss the yak.
The yak is severely wounded.
The yak gores you!!
You die...

##+##....##....##+####
..........#.....#....#
..........#.....#....#
........Y<#.....#....#
.)........'.....#....#
..........#.....'....#
##..##...####..###...#
##..##...####..####'##
...........#...YY'...#
...........'.....#...#
...........#.....#...#
###+####'####...##...#
..#.##....###...##...#
..#..............>...#
..#.............##...#
..'.............##...#
..#..................#


You could see a yak.

Vanquished Creatures
  An ice beast (D:5)
  A crocodile (D:5)
  A centaur (D:6)
  A scorpion (D:6)
  A giant frog zombie (D:6)
  A giant frog skeleton (D:5)
  An orc wizard (D:4)
  A hound (D:4)
  3 worker ants
  An iguana (D:6)
  A hound skeleton (D:4)
  4 adders
  4 gnolls
  2 worms (D:3)
  3 giant geckos
  7 orcs
  11 bats
  3 giant cockroaches
  3 goblins (D:1)
  9 hobgoblins
  6 jackals
  11 kobolds
  3 quokkas
  6 giant newts
  6 rats
91 creatures vanquished.

Vanquished Creatures (others)
  A yak (D:6)
1 creature vanquished.

Grand Total: 92 creatures vanquished

Notes
Turn   | Place    | Note
--------------------------------------------------------------
     0 | D:1      | achirane the Octopode Transmuter began the quest for the Orb.
     0 | D:1      | Reached XP level 1. HP: 13/13 MP: 3/3
   353 | D:1      | Reached XP level 2. HP: 13/18 MP: 3/5
   653 | D:1      | Reached skill level 3 in Transmutations
  1003 | D:1      | Reached XP level 3. HP: 23/23 MP: 3/6
  2777 | D:2      | Reached skill level 4 in Transmutations
  3046 | D:2      | Reached XP level 4. HP: 28/28 MP: 5/7
  3073 | D:2      | Found a radiant altar of Vehumet.
  3074 | D:2      | Found a burning altar of Makhleb.
  3332 | D:2      | Found a shattered altar of Ashenzari.
  3509 | D:3      | Learned a level 4 spell: Ice Form
  4309 | D:3      | Found an opulent altar of Gozag.
  4655 | D:4      | Found Xopu's Antique Armour Shoppe.
  4797 | D:4      | Noticed Menkaure
  4852 | D:4      | Noticed a phantom
  4942 | D:4      | Reached skill level 1 in Ice Magic
  4942 | D:4      | Reached XP level 5. HP: 22/33 MP: 8/8
  5077 | D:4      | Reached skill level 5 in Transmutations
  5247 | D:4      | Reached skill level 2 in Ice Magic
  5344 | D:5      | Entered Level 5 of the Dungeon
  5344 | D:5      | Found a staircase to the Ecumenical Temple.
  5380 | D:4      | HP: 8/33 [poisoned by a worker ant]
  5788 | D:5      | HP: 8/33 [giant frog skeleton (6)]
  5790 | D:5      | Reached XP level 6. HP: 9/38 MP: 7/9
  6057 | D:5      | Noticed a crocodile
  6092 | D:5      | Killed a crocodile
  6092 | D:5      | Reached skill level 3 in Ice Magic
  6455 | Temple   | Entered the Ecumenical Temple
  6519 | Temple   | Became a worshipper of Cheibriados the Contemplative
  6797 | D:5      | Noticed an ice beast
  6836 | D:5      | HP: 10/45 [ice beast (3)]
  6838 | D:5      | Killed an ice beast
  6838 | D:5      | Reached skill level 6 in Transmutations
  6838 | D:5      | Reached XP level 7. HP: 9/43 MP: 7/10
  7299 | D:6      | Found a shadowy altar of Dithmenos.
  7524 | D:6      | Reached skill level 4 in Ice Magic
  7679 | D:6      | Found an iron altar of Okawaru.
  7840 | D:6      | Noticed a yak
  7840 | D:6      | Noticed a yak
  7843 | D:6      | Noticed a yak
  7846 | D:6      | Killed a yak
  8208 | D:6      | Reached skill level 7 in Transmutations
  8230 | D:6      | Slain by a yak

Vault maps used:
D:1:      saegor_arrival_simple_f
D:2:      gammafunk_temple_overflow_wave, lemuel_coloured_pillars_altar
D:3:      nicolae_gozag_seed_capital, hangedman_abyss_or_decor_stabs,
          minmay_crystal_water
D:4:      minmay_door_path, tgw_sif, serial_shops, shop, uniq_menkaure
D:5:      minmay_temple_entry_purple_smoke, first_bread
D:6:      nicolae_overflow_hidden_temple, basic_altar
Temple:   jpeg_temple_clearing_9

Action                   |  1- 3 |  4- 6 |  7- 9 || total
-------------------------+-------+-------+-------++-------
Melee: Club              |    27 |       |       ||    27
       Unarmed           |     7 |    18 |    18 ||    43
       Whip              |    75 |    19 |       ||    94
       Dagger            |       |    53 |     5 ||    58
       Short sword       |       |    10 |       ||    10
 Fire: Blowgun           |       |    25 |    22 ||    47
Throw: Stone             |    15 |    41 |       ||    56
 Cast: Beastly Appendage |    35 |    23 |       ||    58
       Ice Form          |       |     1 |     5 ||     6
  Use: Scroll            |     1 |     1 |     7 ||     9
       Potion            |       |       |     1 ||     1
 Stab: Sleeping          |     4 |     9 |     2 ||    15
       Distracted        |       |       |     1 ||     1
       Invisible         |       |       |     1 ||     1
  Eat: Chunk             |     5 |     8 |       ||    13
       Beef jerky        |     1 |       |       ||     1
       Bread ration      |       |     1 |       ||     1
       Fruit             |       |       |     3 ||     3
       Meat ration       |       |       |     1 ||     1

Vault maps used:
D:1:      saegor_arrival_simple_f
D:2:      gammafunk_temple_overflow_wave, lemuel_coloured_pillars_altar
D:3:      nicolae_gozag_seed_capital, hangedman_abyss_or_decor_stabs,
          minmay_crystal_water
D:4:      minmay_door_path, tgw_sif, serial_shops, shop, uniq_menkaure
D:5:      minmay_temple_entry_purple_smoke, first_bread
D:6:      nicolae_overflow_hidden_temple, basic_altar
Temple:   jpeg_temple_clearing_9

Table legend:
 A = Turns spent in this place as a percentage of turns spent in the entire game.
 B = Non-inter-level travel turns spent in this place as a percentage of non-inter-level travel turns spent in the entire game.
 C = Inter-level travel turns spent in this place as a percentage of turns spent in this place.
 D = Turns resting spent in this place as a percentage of non-inter-level travel turns spent in this place.
 E = Turns spent auto-exploring this place as a percentage of non-inter-level travel turns spent in this place.
 F = Non-inter-level travel turns spent in this place divided by the number of levels of this place that you've seen.
                   A       B       C       D       E      F
               +-------+-------+-------+-------+-------+----------------------
         Total | 100.0 | 100.0 |   0.8 |   5.4 |   3.9 | 355.7
       Dungeon |  98.9 |  99.0 |   0.8 |   5.4 |   3.6 | 410.7
        Temple |   1.1 |   1.0 |   3.7 |   0.0 |  34.6 |  26.0
               +-------+-------+-------+-------+-------+----------------------

Table legend:
 A = Kills in this place as a percentage of kills in entire the game.
 B = Kills by you in this place as a percentage of kills by you in the entire game.
 C = Kills by friends in this place as a percentage of kills by friends in the entire game.
 D = Other kills in this place as a percentage of other kills in the entire game.
 E = Experience gained in this place as a percentage of experience gained in the entire game.
 F = Experience gained in this place divided by the number of levels of this place that you have seen.
                   A       B       C       D       E      F
               +-------+-------+-------+-------+-------+----------------------
         Total | 100.0 | 100.0 |  -nan | 100.0 | 100.0 | 156.6
       Dungeon | 100.0 | 100.0 |  -nan | 100.0 | 100.0 | 182.7
               +-------+-------+-------+-------+-------+----------------------
